 Dungeon Crawl Stone Soup version 0.25.1-8-g42b30a86e7 (webtiles) character file.

Game seed: 13397081221675490878

179 FreshCat the Skirmisher (level 5, 0/61 HPs)
             Began as a Demonspawn Abyssal Knight on Dec 17, 2020.
             Was a Believer of Lugonu.
             Succumbed to a worker ant's poison
             ... on level 5 of the Dungeon.
             The game lasted 00:17:25 (3980 turns).

FreshCat the Skirmisher (Demonspawn Abyssal Knight) Turns: 3980, Time: 00:17:25

Health: 0/61       AC: 22    Str: 14    XL:     5   Next: 32%
Magic:  7/7        EV:  2    Int: 13    God:    Lugonu [**....]
Gold:   185        SH:  0    Dex: 12    Spells: 4/4 levels left

rFire    + . .     SeeInvis .   a - +1 falchion
rCold    . . .     Gourm    .   (no shield)
rNeg     + + +     Faith    .   (armour currently unavailable)
rPois    +         Spirit   .   (helmet currently unavailable)
rElec    .         Reflect  .   (cloak currently unavailable)
rCorr    .         Harm     .   (gloves currently unavailable)
MR       .....     NoTele   +   (boots currently unavailable)
Stlth    ++........             (no amulet)
HPRegen  0.20/turn              r - ring of protection from fire
MPRegen  0.10/turn              (no ring)

@: lethally poisoned (0 -> -7), tree-form, berserk cooldown, slowed, very slow
A: nightstalker 1
a: Depart the Abyss, Bend Space, Renounce Religion


You were on level 5 of the Dungeon.
You worshipped Lugonu.
Lugonu was pleased with you.
You were not hungry.
You were a tree.
You visited 1 branch of the dungeon, and saw 5 of its levels.
You visited the Abyss 1 time.

You collected 185 gold pieces.

Inventory:

Hand Weapons
 a - a +1 falchion (weapon)
Missiles
 d - 37 stones (quivered)
Armour
 b - a +1 leather armour (melded)
Jewellery
 r - a ring of protection from fire (left branch)
Scrolls
 e - 2 scrolls of teleportation {unknown}
 f - a scroll of remove curse {unknown}
 i - 2 scrolls of enchant armour
 j - 2 scrolls of random uselessness {unknown}
 k - 3 scrolls of identify
 o - a scroll of fear
Potions
 h - a potion of stabbing {unknown}
 l - a potion of lignification
 m - a potion of cancellation {unknown}
 n - a potion of might {unknown}
 p - a potion of berserk rage
 q - a potion of degeneration {unknown}
 s - a potion of magic {unknown}
Comestibles
 c - 4 rations
 t - 2 chunks of flesh


   Skills:
 + Level 3.6 Fighting
 + Level 3.3 Long Blades
 + Level 1.3 Throwing
 + Level 2.4 Armour
 + Level 1.6 Dodging
 + Level 0.7 Stealth
 + Level 3.0 Invocations


You had 4 spell levels left.
You didn't know any spells.
Your spell library was empty.

Dungeon Overview and Level Annotations

Branches:
Dungeon (5/15)
 Temple: D:4-7

Altars:

Shops:
D:4 *

Annotations:
D:3 Sigmund


Innate Abilities, Weirdness & Mutations

((You have a pair of small antennae on your head.))
((Your flesh is heat resistant. (rF+)))
You are slightly more attuned to the shadows.


Message History

You feel sick.
You are too berserk!
There is a lethal amount of poison in your body!
There is a lethal amount of poison in your body!
There is a lethal amount of poison in your body!
There is a lethal amount of poison in your body!
You are too berserk!
You eat one of the 5 rations.
That ration really hit the spot!
You feel a strong urge to attack something.
* * * LOW HITPOINT WARNING * * *
You feel sick.
You feel your anger nearly subside.
* * * LOW HITPOINT WARNING * * *
You feel sick.
You are no longer berserk.
You are exhausted.
You feel yourself slow down.
* * * LOW HITPOINT WARNING * * *
You feel sick.
You die...

#.....
+....#
#....+
....#
...###
#....#
#....#
#♣...#
#....#
#....#
#....#
#....#
.....#
.....#


There were no monsters in sight!

Vanquished Creatures
  3 worker ants
  4 adders
  An ooze (D:1)
  4 worms
  5 dart slugs
  2 leopard geckos
  2 bats
  A giant cockroach (D:3)
  6 goblins
  3 hobgoblins
  A quokka (D:4)
  2 ball pythons (D:2)
  6 frilled lizards
  11 kobolds
  7 rats
58 creatures vanquished.

Notes
Turn   | Place    | Note
-------+----------+-------------------------------------------
     0 | Abyss:1  | FreshCat the Demonspawn Abyssal Knight began the quest for
                  | the Orb.
     0 | Abyss:1  | Reached XP level 1. HP: 18/18 MP: 2/2
     5 | Abyss:1  | Found a corrupted altar of Lugonu.
    15 | D:1      | Escaped the Abyss
   369 | D:1      | Gained mutation: Your flesh is heat resistant. (rF+)
                  | [demonic ancestry]
   369 | D:1      | Reached XP level 2. HP: 24/24 MP: 4/4
   513 | D:1      | Reached skill level 1 in Dodging
   795 | D:1      | Reached ** piety under Lugonu
   965 | D:1      | Gained mutation: You are slightly more attuned to the
                  | shadows. [demonic ancestry]
   965 | D:1      | Reached XP level 3. HP: 28/29 MP: 5/5
  2521 | D:3      | Reached XP level 4. HP: 16/35 MP: 6/6
  3163 | D:3      | Noticed Sigmund
  3278 | D:4      | Reached skill level 1 in Throwing
  3544 | D:4      | Found Asucucw's Assorted Antiques.
  3578 | D:5      | Entered Level 5 of the Dungeon
  3862 | D:4      | Gained mutation: You have a pair of small antennae on your
                  | head. [demonic ancestry]
  3862 | D:4      | Reached XP level 5. HP: 41/41 MP: 7/7
  3976 | D:5      | HP: 4/91 [poisoned by a worker ant]
  3979 | D:5      | HP: 1/61 [poisoned by a worker ant]
  3980 | D:5      | Succumbed to a worker ant's poison

Illustrated notes

Levels and vault maps discovered:
D:1:      roderic_chinese_lattice_arrival, layout_basic,
          minmay_indecisive_spiral
D:2:      layout_basic, serial_glass, glass_columns_c, glass_columns_c
D:3:      layout_loops_corners, uniq_sigmund, uniq_crazy_yiuf_cottage
D:4:      layout_basic, serial_shops, shop, shop
D:5:      layout_gridville, first_ration, minmay_misc_feat_alley,
          chequers_serial_rivers_micro_c, minmay_shop_damaged,
          nicolae_ru_awakened_eye, uniq_edmund

Skill      XL: |  1  2  3  4 |
---------------+-------------+-----
Invocations    | 3 |  3.0
Long Blades    | 2 3 |  3.3
Dodging        | 1 |  1.6
Armour         | 2 |  2.4
Throwing       | 1 |  1.3
Fighting       | |  3.6
Stealth        | |  0.7

Action                   |  1- 3 |  4- 6 || total
-------------------------+-------+-------++-------
Melee: Falchion          |   104 |    84 ||   188
Throw: Stone             |    69 |    32 ||   101
  Use: Scroll            |     4 |       ||     4
       Potion            |     1 |     4 ||     5
 Stab: Sleeping          |     1 |     3 ||     4
  Eat: Chunk             |     5 |     5 ||    10
       Ration            |       |     1 ||     1
Armor: Leather armour    |    26 |    20 ||    46
       Skin              |       |     1 ||     1
Dodge: Dodged            |    53 |    63 ||   116
       Rpst.: Falchion   |    20 |    22 ||    42
